[Event "*** Titled Tuesday Blitz"]
[Site "Chess.com"]
[Date "2020.03.03"]
[Round "2"]
[White "DinaBelenkaya"]
[Black "metra93"]
[Result "0-1"]
[WhiteElo "2286"]
[BlackElo "2600"]
[TimeControl "180+1"]
[EndTime "13:19:26 PST"]
[Termination "metra93 won on time"]

1. e4 c5 2. Nf3 g6 3. d4 cxd4 4. Nxd4 Bg7 5. Nc3 Nc6 6. Nf3 d6 7. h3 Nf6 8. Bc4 O-O 9. O-O a6 10. Re1 b5 11. Bb3 Bb7 12. Nd5 Na5 13. c3 Nxb3 14. axb3 e6 15. Nxf6+ Bxf6 16. Bh6 Re8 17. Qd3 Qc7 18. Bf4 Rad8 19. h4 Qc5 20. Bg5 Be7 21.
b4 Qb6 22. Kh2 f6 23. Be3 Qc7 24. Nd4 d5+ 25. e5 Qxe5+ 26. f4 Qd6 27. Nf3 Qc7 28. Bd2 Bd6 29. g3 e5 30. fxe5 fxe5 31. Ng5 e4 32. Qe3 Rf8 33. Rf1 Qe7 34. Kg2 Bc8 35. Qd4 Qe5 36. Rxf8+ Rxf8 37. Qxe5 Bxe5 38. Re1 h6 39. Nh3 Kg7 0-1

[Event "*** Titled Tuesday Blitz"]
[Site "Chess.com"]
[Date "2020.03.03"]
[Round "2"]
[White "SanchezKelvin"]
[Black "MatthewG-p4p"]
[Result "0-1"]
[WhiteElo "2350"]
[BlackElo "2787"]
[TimeControl "180+1"]
[EndTime "13:19:26 PST"]
[Termination "MatthewG-p4p won by resignation"]

1. d4 Nf6 2. c4 c5 3. d5 e6 4.
Nc3 exd5 5. cxd5 d6 6. e4 g6 7.
Nf3 Bg7 8. h3 O-O 9. Bd3 b5 10.
Nxb5 Re8 11. O-O Nxe4 12. Re1 a6 13. Na3 Nf6 14. Rxe8+ Nxe8 15. Nc4 Nd7 16. Bf4 Nb6 17.
Nxb6 Qxb6 18. Rb1 Bd7 19. b3 Nc7 20. Nd2 Nb5 21. Nc4 Qc7 22. Qf3 Bf8 23. Qg3 Rd8 24. a4 Nc3 25. Rc1 Nxd5 26. Bxd6 Bxd6 27. Qxd6 Be6 28. Qxc7 Nxc7 29. Be2 Nd5 30. Na5 Nf4 31. Bf1 Rd2 32. Bxa6 Rb2 33. Bc4 Kg7 34. h4 Bf5 35. Bf1 h5 36. Rxc5 Rb1 37. Rxf5 gxf5 38. g3 Nd5 39.
Kg2 Rb2 40. Kf3 Nf6 41. Bh3 Kg6 42. Ke3 Ne4 43. f3 Nxg3 44. Kf4 Ne2+ 45. Ke5 f6+ 46. Ke6 Nf4+ 0-1

[Event "*** Titled Tuesday Blitz"]
[Site "Chess.com"]
[Date "2020.03.03"]
[Round "2"]
[White "AntonSmirnov"]
[Black "mitrabhaa"]
[Result "1-0"]
[WhiteElo "2926"]
[BlackElo "2630"]
[TimeControl "180+1"]
[EndTime "13:19:27 PST"]
[Termination "AntonSmirnov won by resignation"]

1. e4 c6 2. d4 d5 3. Nc3 dxe4 4. Nxe4 Nf6 5. Nxf6+ exf6 6. c3 Bd6 7. Bd3 O-O 8.
Qc2 Re8+ 9. Ne2 h6 10. O-O Nd7 11. Bd2 Nf8 12. Rae1 Qc7 13. Ng3 Bg4 14. Rxe8 Rxe8 15. Re1 Rxe1+ 16. Bxe1 Qe7 17. Bd2 Be6 18. a3 Nd7 19.
Nf5 Bxf5 20. Bxf5 Qe2 21. Bd3 Qh5 22. g3 c5 23. Be3 cxd4 24. cxd4 Nb6 25. Be4 Nd5 26.
Bd2 Ne7 27. Bxb7 Qe2 28. Be4 f5 29. Bd3 Qf3 30. Bf1 Qd5 31. Bc3 f4 32. Qe2 g5 33.
Bg2 Qf5 34. Be4 Qe6 35. Bd3 Qd5 36. Qe4 Qxe4 37. Bxe4 Kf8 38. g4 Nc8 39. f3 Ke7 40.
Kf2 Nb6 41. Bd2 Nc4 42. Bc1 Bc7 43. Ke2 Bb6 44. Kd3 Nd6 45. b4 a5 46. Bd2 axb4 47.
Bxb4 Kd7 48. a4 Ba7 49. h3 f6 50. Bc5 Bb8 51. a5 Nc8 52. Bf5+ Kc7 53. Bxc8 Kxc8 54.
Ke4 Kb7 55. Kf5 Ka6 56. Kxf6 1-0

[Event "*** Titled Tuesday Blitz"]
[Site "Chess.com"]
[Date "2020.03.03"]
[Round "2"]
[White "enriquetejedor"]
[Black "bascheyaro"]
[Result "0-1"]
[WhiteElo "2535"]
[BlackElo "2741"]
[TimeControl "180+1"]
[EndTime "13:19:29 PST"]
[Termination "bascheyaro won by checkmate"]

1. e4 e6 2. d4 d5 3. Nc3 Bb4 4. e5 Ne7 5. a3 Bxc3+ 6. bxc3 b6 7. Qg4 Kf8 8. Bd3 Ba6 9. Ne2 c5 10. Ng3 Bxd3 11. cxd3 Nbc6 12. dxc5 bxc5 13. Qe2 Qc7 14. f4 g6 15. Be3 d4 16. cxd4 Nxd4 17. Bxd4 cxd4 18.
O-O h5 19. Rfc1 Qa5 20. Ne4 Kg7 21. Nd6 Nf5 22. Nxf5+ gxf5 23. Rc4 Rab8 24. h3 h4 25. Kh2 Rb3 26. Rac1 Qxa3 27. Rc7 Rxd3 28. R1c6 Rh6 29.
Rd6 Rg6 30. Qf2 Rdg3 31. Rdd7 Rxg2+ 32. Qxg2 Rxg2+ 33. Kxg2 Qg3+ 34. Kf1 Qxf4+ 35. Ke2 Qxe5+ 36. Kd3 Qf6 37. Kc2 f4 38. Rxa7 f3 39. Ra1 f2 40.
Rf1 Qf5+ 41. Kd2 Qf4+ 42. Kd1 Qf3+ 43. Kd2 Qe3+ 44. Kd1 Qd3+ 45. Kc1 Qxf1+ 46. Kd2 Qe1+ 47. Kd3 Qc3+ 48. Ke4 Qe3# 0-1

[Event "*** Titled Tuesday Blitz"]
[Site "Chess.com"]
[Date "2020.03.03"]
[Round "2"]
[White "Chessalary"]
[Black "xamax2000"]
[Result "1-0"]
[WhiteElo "2276"]
[BlackElo "2670"]
[TimeControl "180+1"]
[EndTime "13:19:29 PST"]
[Termination "Chessalary won by checkmate"]

1. e4 c5 2. Nf3 d6 3. g3 Nf6 4. Bg2 Nxe4 5. d4 cxd4 6. Nxd4 Nf6 7. O-O e6 8. Nc3 Be7 9. f4 O-O 10. f5 e5 11. Nb3 Nc6 12. Bg5 Re8 13. Bxf6 Bxf6 14.
Nd5 Bd7 15. Qg4 Bg5 16. h4 Bh6 17. Qh5 f6 18. g4 Rf8 19. g5 fxg5 20. f6 Be8 21.
Qg4 Qd7 22. Qg3 g4 23. Be4 Bg6 24. Bxg6 hxg6 25. Qd3 g3 26. Qxg3 Qe6 27. Nc7 Qd7 28. Nxa8 Rxa8 29. Qxg6 Qh3 30. fxg7 Be3+ 31. Rf2 Qxh4 32.
Qf7+ Kh7 33. g8=Q+ Kh6 34. Qgg6# 1-0

[Event "*** Titled Tuesday Blitz"]
[Site "Chess.com"]
[Date "2020.03.03"]
[Round "2"]
[White "icychess54"]
[Black "RoelandPruijssers"]
[Result "0-1"]
[WhiteElo "2201"]
[BlackElo "2683"]
[TimeControl "180+1"]
[EndTime "13:19:30 PST"]
[Termination "RoelandPruijssers won by checkmate"]

1. c4 f5 2. Nf3 Nf6 3. Nc3 d6 4. e3 e5 5. b4 e4 6. Nd4 c5 7. Nc2 Nc6 8. a3 Ng4 9. Be2 Nce5 10. h3 Qh4 11. O-O h5 12. f4 Qg3 13. Bxg4 hxg4 14. fxe5 gxh3 15. Qe2 Qxe5 16. Bb2 Be6 17. Rf4 hxg2 18.
Na4 O-O-O 19. Bxe5 dxe5 20. Rf2 cxb4 21. axb4 f4 22.
exf4 exf4 23. Qxe4 Bh3 24. Nc5 Bxc5 25. bxc5 Bd7 26.
Rxa7 Bc6 27. Qf5+ Kb8 28. Rxg2 Kxa7 29. Rxg7 Rh1+ 30. Kf2 Rxd2# 0-1

[Event "*** Titled Tuesday Blitz"]
[Site "Chess.com"]
[Date "2020.03.03"]
[Round "2"]
[White "jefferyx"]
[Black "Babas"]
[Result "1-0"]
[WhiteElo "2938"]
[BlackElo "2364"]
[TimeControl "180+1"]
[EndTime "13:19:30 PST"]
[Termination "jefferyx won by resignation"]

1. c4 e5 2. Nc3 Nf6 3. Nf3 Nc6 4. g3 Bb4 5. Bg2 O-O 6. Nd5 Re8 7. O-O Bf8 8. d3 h6 9. Nd2 Nxd5 10. cxd5 Ne7 11. d6 cxd6 12. Nc4 Qc7 13. Ne3 Rb8 14.
Bd2 b5 15. Rc1 Qb6 16. Qb3 Bb7 17. Bh3 Bc6 18. Bb4 Ng6 19. Qa3 d5 20. Bxf8 Rxf8 21. Qd6 Qb7 22. Bf5 Nh8 23. Qxe5 Rfe8 24. Qd4 Qb6 25.
Qxb6 Rxb6 26. Rfe1 g6 27. Bh3 b4 28. Nc2 a5 29. Nd4 Kf8 30. Rc5 Ke7 31. Rxa5 Ra8 32. Nxc6+ 1-0

[Event "*** Titled Tuesday Blitz"]
[Site "Chess.com"]
[Date "2020.03.03"]
[Round "2"]
[White "ehrenfeld"]
[Black "shanemelaughcm"]
[Result "0-1"]
[WhiteElo "2488"]
[BlackElo "2279"]
[TimeControl "180+1"]
[EndTime "13:19:30 PST"]
[Termination "shanemelaughcm won by resignation"]

1. e4 c5 2. Nf3 Nc6 3. Bb5 g6 4. Nc3 Bg7 5. O-O e5 6. d3 Nge7 7. a3 O-O 8. Bc4 d6 9. h3 h6 10. Nd5 a6 11. Bd2 Kh7 12. b4 b5 13. Ba2 f5 14.
bxc5 dxc5 15. Nxe7 Qxe7 16. Bd5 Qd6 17. Bc3 Ra7 18.
Bxc6 Qxc6 19. Bxe5 fxe4 20. dxe4 Qxe4 21. Re1 Qc6 22.
Bxg7 Rxg7 23. Ne5 Qf6 24. Qd2 Bf5 25. c3 Re7 26. Qe3 Rfe8 27. f4 g5 28. g3 Bxh3 29. Kh2 Bf5 30. Qxc5 gxf4 31. gxf4 Qh4+ 32. Kg1 Qg3+ 33.
Kf1 Qxf4+ 0-1

[Event "*** Titled Tuesday Blitz"]
[Site "Chess.com"]
[Date "2020.03.03"]
[Round "2"]
[White "Godzillator"]
[Black "violetflower04"]
[Result "1-0"]
[WhiteElo "2401"]
[BlackElo "2026"]
[TimeControl "180+1"]
[EndTime "13:19:30 PST"]
[Termination "Godzillator won on time"]

1. d4 Nf6 2. c4 e6 3. Nc3 Bb4 4. Qc2 O-O 5. a3 Bxc3+ 6. Qxc3 b6 7. Bg5 h6 8. Bh4 Ba6 9. e3 c5 10. dxc5 bxc5 11. Bd3 Nc6 12. Ne2 d6 13. O-O Ne5 14. Rfd1 Rb8 15. Bg3 Nxd3 16. Qxd3 Rxb2 17. Bxd6 Re8 18.
Ng3 Qa5 19. Be5 Rxf2 20. Kxf2 Ng4+ 21. Kg1 Nxe5 22. Qd2 Qxd2 23. Rxd2 Nxc4 24. Rd7 Nxe3 25. Rxa7 Bd3 26. Rc1 Rc8 27. Nh5 c4 28. Nf4 Be4 29. g3 g5 30. Ne2 Bd3 31. Nc3 Nd5 32. Rd7 Nf6 33. Rd6 Rb8 34. a4 Rb2 35. Nd1 Rd2 36.
Nf2 Rxf2 37. Kxf2 Ne4+ 38. Ke3 Nxd6 39. a5 Nb5 40. a6 Kf8 41. Ra1 Na7 42. Ra4 Ke7 43.
Rb4 Kd6 44. Rb7 Nc6 45. Rxf7 Kd5 46. a7 Nxa7 47. Rxa7 Bf5 48. Ra5+ Kd6 49. Kd4 Bd3 50.
Ra6+ Ke7 51. Ke5 1-0

[Event "*** Titled Tuesday Blitz"]
[Site "Chess.com"]
[Date "2020.03.03"]
[Round "2"]
[White "Didici"]
[Black "DonPreuss"]
[Result "1-0"]
[WhiteElo "2682"]
[BlackElo "2185"]
[TimeControl "180+1"]
[EndTime "13:19:31 PST"]
[Termination "Didici won on time"]

1. d4 Nc6 2. g3 d6 3. Bg2 g6 4. Nf3 Bg7 5. d5 Ne5 6. Nd4 Nf6 7. O-O h5 8. f4 Ned7 9. h3 Nb6 10. e4 e5 11. dxe6 Bxe6 12. e5 dxe5 13. fxe5 Nfd5 14.
c4 Ne7 15. Bxb7 Bxe5 16. Nxe6 fxe6 17. Qf3 Nf5 18. Bxa8 Qxa8 19. Qxa8+ Nxa8 20. Nc3 Nxg3 21. Re1 Bxc3 22. bxc3 Kf7 23. Bf4 Nf5 24. Rad1 Nb6 25. Bxc7 Re8 26. c5 Nd5 27. Be5 Nde3 28. Rd7+ Re7 29.
Rxe7+ Kxe7 30. c6 Nd5 31. c7 Kd7 32. Rd1 Kc8 33. Kf2 Nxc7 34. Rg1 Nh4 35. Bf6 Nf5 36. Rxg6 Nd5 37. Be5 1-0

[Event "*** Titled Tuesday Blitz"]
[Site "Chess.com"]
[Date "2020.03.03"]
[Round "2"]
[White "Grandmaster1369"]
[Black "Aygehovit1992"]
[Result "1-0"]
[WhiteElo "2337"]
[BlackElo "2591"]
[TimeControl "180+1"]
[EndTime "13:19:33 PST"]
[Termination "Grandmaster1369 won by resignation"]

1. e4 d6 2. d4 Nf6 3. Nc3 g6 4. f4 Bg7 5. Nf3 Bg4 6. h3 Bxf3 7. Qxf3 O-O 8. e5 Ne8 9. Qxb7 Nd7 10. Bb5 dxe5 11. fxe5 Nb6 12. Be3 e6 13. O-O Qh4 14. Qe4 Qe7 15. a3 Rd8 16. Rad1 Nd5 17. Nxd5 exd5 18.
Qg4 Rb8 19. Qe2 Qe6 20. b3 c6 21. Bd3 Nc7 22. Bg5 h6 23. Bf6 Ne8 24. Bh4 Nc7 25. Rf3 Nb5 26. Bxb5 cxb5 27. Bf6 Rfc8 28. Bxg7 Kxg7 29.
Rf6 Qe7 30. Rdf1 Rf8 31. e6 fxe6 32. Rxe6 Rxf1+ 33. Kxf1 Rf8+ 34. Kg1 Qxa3 35. Qe5+ Kg8 36. Rxg6+ 1-0

[Event "*** Titled Tuesday Blitz"]
[Site "Chess.com"]
[Date "2020.03.03"]
[Round "2"]
[White "Kobalia"]
[Black "cherryandmint"]
[Result "1-0"]
[WhiteElo "2637"]
[BlackElo "2859"]
[TimeControl "180+1"]
[EndTime "13:19:34 PST"]
[Termination "Kobalia won by resignation"]

1. e4 e5 2. Nf3 Nc6 3. Bb5 a6 4. Ba4 Nf6 5. O-O Nxe4 6. d4 b5 7.
Bb3 d5 8. dxe5 Be6 9. c3 Be7 10.
Nbd2 Nc5 11. Nd4 Nxe5 12. f4 Bg4 13. Qe1 Nc4 14. Qg3 h5 15. h3 Bh4 16. Qh2 Bd7 17.
N2f3 O-O 18. f5 Be7 19. Bf4 Bd6 20. Bxd6 cxd6 21. Bxc4 dxc4 22. Qxd6 Ne4 23. Qf4 Nf6 24. Ne5 Qc7 25. Rae1 Rfe8 26. g4 hxg4 27. hxg4 Qd6 28. g5 Nd5 29. Qh2 f6 30. Nxd7 Qxd7 31. g6 1-0

[Event "*** Titled Tuesday Blitz"]
[Site "Chess.com"]
[Date "2020.03.03"]
[Round "2"]
[White "Snegokhod"]
[Black "reigningmvp"]
[Result "1-0"]
[WhiteElo "2618"]
[BlackElo "2324"]
[TimeControl "180+1"]
[EndTime "13:19:35 PST"]
[Termination "Snegokhod won by resignation"]

1. e4 e5 2. Nf3 Nc6 3. Bb5 a6 4. Bxc6 dxc6 5. Nc3 Bd6 6. d4 exd4 7. Qxd4 f6 8. Be3 Ne7 9. O-O-O Ng6 10. h4 Qe7 11. h5 Ne5 12. Nxe5 Bxe5 13. Qd2 Be6 14. Bf4 Rd8 15. Qxd8+ Qxd8 16. Rxd8+ Kxd8 17. Bxe5 fxe5 18. h6 g6 19. Kd2 Rf8 20. Ke3 Ke7 21. g3 g5 22. f3 Rf6 23. Rh5 Rg6 24. g4 Rg8 25.
a3 Bf7 26. Rh2 Rd8 27. Rh1 Kf6 28. Ne2 c5 29. Ng3 c4 30. Nf5 c5 31. c3 Rd3+ 32. Ke2 b5 33. Rd1 Rxd1 34. Kxd1 Be6 35. Nd6 Kg6 36. Nb7 Kxh6 37. Nxc5 Bc8 38. a4 Kg6 39. axb5 axb5 40. b3 cxb3 41. Nxb3 Kf6 42. Nc5 Ke7 43.
Kc2 Kd6 44. Nd3 Be6 45. Kd2 Bf7 46. Nf2 Bg6 47. Nh3 h6 48. Nf2 Bf7 49. Ke3 Kc5 50. Nd3+ Kd6 51. Nb4 Bc4 52. Nc2 Bf7 53. Kd2 h5 54. gxh5 Bxh5 55. Ke2 Ke7 56. Ne3 Be8 57. Kf2 Bd7 58. Kg3 Be6 59. Ng4 Bxg4 60. Kxg4 Kf6 61. Kh5 1-0

[Event "*** Titled Tuesday Blitz"]
[Site "Chess.com"]
[Date "2020.03.03"]
[Round "2"]
[White "AlleyOoper"]
[Black "Sanan_Sjugirov"]
[Result "1-0"]
[WhiteElo "2618"]
[BlackElo "2831"]
[TimeControl "180+1"]
[EndTime "13:19:39 PST"]
[Termination "AlleyOoper won on time"]

1. d4 g6 2. Bf4 Bg7 3. Nc3 d6 4. e4 Nd7 5. Nf3 e5 6. dxe5 dxe5 7. Bg5 Ngf6 8. Bc4 O-O 9. Qe2 h6 10. Bh4 c6 11. O-O Qe8 12. a4 a5 13. Rfd1 Nh5 14.
Rd6 Kh7 15. Rad1 Nf4 16. Qe3 f6 17. Bg3 Nh5 18. Nh4 Qe7 19. Be6 Nb6 20. Nxg6 Kxg6 21.
Bf5+ Bxf5 22. exf5+ Kh7 23. Qxb6 Rf7 24. Ne4 Qe8 25.
Qe3 1-0

[Event "*** Titled Tuesday Blitz"]
[Site "Chess.com"]
[Date "2020.03.03"]
[Round "2"]
[White "superstructure"]
[Black "mohssenbinaddi"]
[Result "0-1"]
[WhiteElo "2421"]
[BlackElo "2189"]
[TimeControl "180+1"]
[EndTime "13:19:39 PST"]
[Termination "mohssenbinaddi won by resignation"]

1. Nf3 Nf6 2. c4 g6 3. Nc3 Bg7 4. e4 d6 5. d4 O-O 6. h3 a5 7.
Bg5 Na6 8. g4 c5 9. d5 e6 10. a3 Nc7 11. a4 exd5 12. cxd5 Na6 13. Bd3 Nb4 14. Bb1 Qe8 15. O-O h5 16. Nh2 hxg4 17.
hxg4 Qe5 18. Qd2 Nxg4 19. Nxg4 Bxg4 20. Bf4 Qh5 21. f3 Bxf3 22. Qh2 Bd4+ 23. Rf2 Qxh2+ 24.
Bxh2 Kg7 25. Nb5 Bxf2+ 26. Kxf2 Bh5 27. Bxd6 Rfc8 28. Ra3 f5 29. exf5 Nxd5 30. fxg6 Bxg6 31. Rg3 Rf8+ 32. Bxf8+ Rxf8+ 33. Ke1 Rf6 34. Rg5 Nf4 35. Bxg6 Rxg6 36. Rxc5 Nd3+ 0-1

[Event "*** Titled Tuesday Blitz"]
[Site "Chess.com"]
[Date "2020.03.03"]
[Round "2"]
[White "Azeryahu"]
[Black "malandragem"]
[Result "0-1"]
[WhiteElo "2807"]
[BlackElo "2605"]
[TimeControl "180+1"]
[EndTime "13:19:40 PST"]
[Termination "malandragem won on time"]

1. Nf3 Nf6 2. b3 g6 3. Bb2 Bg7 4. g3 O-O 5. c4 b6 6. Bg2 Bb7 7.
d4 d5 8. cxd5 Bxd5 9. O-O Bb7 10. Nc3 e6 11. Rc1 Na6 12. Qc2 Rc8 13. Rfd1 Qe7 14.
Nb5 Nb4 15. Qd2 a6 16. Ba3 c5 17. dxc5 Ne4 18. Qxb4 bxc5 19. Qa5 axb5 20. Qxb5 Nc3 21.
Rxc3 Bxc3 22. Rd7 Ba6 23. Qa4 Qe8 24. Ng5 Bg7 25. Ne4 Ra8 26. Qc6 Bxe2 27. Bxc5 Rc8 28. Qa4 Ra8 29. Qc6 Ra6 30. Qc7 Bb5 31. h4 Qxd7 32.
Qf4 Rc8 0-1

[Event "*** Titled Tuesday Blitz"]
[Site "Chess.com"]
[Date "2020.03.03"]
[Round "2"]
[White "Saitama_Hero"]
[Black "Carnivoras"]
[Result "1-0"]
[WhiteElo "2297"]
[BlackElo "2677"]
[TimeControl "180+1"]
[EndTime "13:19:42 PST"]
[Termination "Saitama_Hero won by resignation"]

1. Nf3 d5 2. c4 c6 3. e3 Nf6 4. b3 Bg4 5. Bb2 Nbd7 6. Be2 e6 7. O-O Be7 8. cxd5 exd5 9. Nd4 Bxe2 10. Qxe2 O-O 11.
Nf5 Re8 12. Nxe7+ Qxe7 13. d3 Ne5 14. Nd2 Qe6 15. h3 Ng6 16. Nf3 a5 17. Rfc1 a4 18. Qc2 Nd7 19. Nd4 Qf6 20. bxa4 Qd8 21. Qb3 Qb6 22. Rab1 Qa6 23. Nf5 Nge5 24. f4 Nxd3 25.
Nxg7 N7c5 26. Qc3 Nxa4 27. Qf6 Naxb2 28. Nf5 1-0

[Event "*** Titled Tuesday Blitz"]
[Site "Chess.com"]
[Date "2020.03.03"]
[Round "2"]
[White "ChadBiryani"]
[Black "SHIVACalypso"]
[Result "1-0"]
[WhiteElo "2438"]
[BlackElo "2182"]
[TimeControl "180+1"]
[EndTime "13:19:42 PST"]
[Termination "ChadBiryani won by resignation"]

1. d4 e6 2. Nc3 Nf6 3. Bg5 d5 4. Nf3 Be7 5. e3 O-O 6. Be2 h6 7. Bh4 c5 8. O-O b6 9. Ne5 Bb7 10. a4 Nbd7 11. a5 Nxe5 12. dxe5 Nd7 13. Bg3 Bh4 14.
a6 Bc6 15. Bxh4 Qxh4 16. f4 Rfd8 17. Bb5 Nb8 18. Bxc6 Nxc6 19. Nb5 d4 20. Qf3 dxe3 21. Qxc6 e2 22. Rfe1 Qxf4 23. Rxe2 Qc4 24. Nc3 Rac8 25. Qb7 Qb4 26. Rf1 Rf8 27. Ne4 Qxb2 28. Nd6 Rb8 29. Qe7 f5 30. Qxe6+ Kh7 31. Qc4 b5 32. Qxc5 Rbd8 33.
h3 Qa2 34. e6 Qxa6 35. e7 Rfe8 36. exd8=Q Rxd8 37.
Qxf5+ 1-0

[Event "*** Titled Tuesday Blitz"]
[Site "Chess.com"]
[Date "2020.03.03"]
[Round "2"]
[White "BeanScreen"]
[Black "Sebastian"]
[Result "0-1"]
[WhiteElo "2646"]
[BlackElo "3007"]
[TimeControl "180+1"]
[EndTime "13:19:43 PST"]
[Termination "Sebastian won by resignation"]

1. e4 c5 2. Nf3 d6 3. d4 cxd4 4. Nxd4 Nf6 5. Nc3 a6 6. Be3 e5 7.
Nb3 Be6 8. h3 Be7 9. f4 exf4 10.
Bxf4 Nc6 11. Qe2 Rc8 12. O-O-O Qc7 13. g4 Ne5 14. g5 Nfd7 15. Nd5 Bxd5 16. exd5 O-O 17.
h4 Rfe8 18. h5 Bf8 19. Qg2 g6 20. Bd3 Bg7 21. Qh2 Nxd3+ 22. Rxd3 Qc4 23. Kb1 Qe4 24. hxg6 Qxg6 25. Rh3 Nf8 26. Bxd6 Red8 27. Bxf8 Kxf8 28. Rxh7 Rxd5 29. Rh3 Rxg5 30. Rf3 Rg2 31. Rxf7+ Kxf7 32. Rf1+ Kg8 0-1

[Event "*** Titled Tuesday Blitz"]
[Site "Chess.com"]
[Date "2020.03.03"]
[Round "2"]
[White "praveenb2002"]
[Black "champ2005"]
[Result "0-1"]
[WhiteElo "2633"]
[BlackElo "2976"]
[TimeControl "180+1"]
[EndTime "13:19:43 PST"]
[Termination "champ2005 won by resignation"]

1. d4 f5 2. g3 Nf6 3. Bg2 g6 4. Nf3 Bg7 5. O-O O-O 6. b3 b6 7. Ne5 Ne4 8. Bb2 Bb7 9. Nd2 d6 10. Nd3 c5 11. dxc5 Bxb2 12. Nxb2 bxc5 13. Nxe4 fxe4 14.
c4 Nd7 15. Qc2 Nf6 16. Na4 Qc8 17. Nc3 Qf5 18. f3 Qe5 19. Nxe4 Bxe4 20. fxe4 Qd4+ 21. e3 Qxe3+ 22. Qf2 Qxf2+ 23. Rxf2 Ng4 24. Rf4 Ne5 25. Raf1 Nd3 26. Rxf8+ Rxf8 27. Rd1 Ne5 28. Bh3 a5 29. Be6+ Kg7 30. Kg2 Rb8 31. Rb1 a4 32. Bd5 Nd3 33. Rd1 axb3 34. axb3 Rxb3 35. Ra1 Rb2+ 36. Kg1 Ne5 37.
Ra8 Nf3+ 38. Kf1 Nxh2+ 39. Ke1 Nf3+ 40. Kd1 Ne5 41. Re8 Kf6 42. Rf8+ Kg5 43. Re8 Kg4 44. Rxe7 h5 45. Re6 Kxg3 46. Rxd6 h4 47. Re6 h3 48.
Rxe5 h2 49. Rg5+ Kf4 50. e5 Kxg5 51. e6 Kf6 0-1

[Event "*** Titled Tuesday Blitz"]
[Site "Chess.com"]
[Date "2020.03.03"]
[Round "2"]
[White "GM_dmitrij"]
[Black "TST2014"]
[Result "1-0"]
[WhiteElo "2827"]
[BlackElo "2590"]
[TimeControl "180+1"]
[EndTime "13:19:44 PST"]
[Termination "GM_dmitrij won by checkmate"]

1. e4 c5 2. Nf3 Nc6 3. Bb5 g6 4. O-O Bg7 5. c3 Nf6 6. Re1 O-O 7. d4 d5 8. e5 Ne4 9. Be3 cxd4 10. cxd4 Qb6 11.
Bxc6 bxc6 12. Qc1 Bg4 13. Nfd2 Nxd2 14. Qxd2 Rab8 15. b3 Qa6 16. Nc3 e6 17. Na4 Qb5 18.
f3 Bf5 19. g4 Bd3 20. Rad1 Bc4 21. Nc5 Bxb3 22. axb3 Rfd8 23. Ra1 Bf8 24. Ra5 Qb4 25. Qxb4 Rxb4 26. Rxa7 Bxc5 27. dxc5 Rxb3 28. Rc7 d4 29. Bg5 Rdb8 30. Rxc6 Rxf3 31. Rd6 Rc3 32. c6 Rc8 33. Rd1 h5 34. R1xd4 R3xc6 35. Rxc6 Rxc6 36. Rd8+ Kh7 37. Bf6 g5 38. gxh5 Rc1+ 39. Kf2 Rc2+ 40. Ke3 Rc3+ 41. Kd2 Rc8 42. Rxc8 g4 43. Rh8# 1-0

[Event "*** Titled Tuesday Blitz"]
[Site "Chess.com"]
[Date "2020.03.03"]
[Round "2"]
[White "kleopl"]
[Black "Nathan_Filgueiras"]
[Result "1/2-1/2"]
[WhiteElo "2481"]
[BlackElo "2255"]
[TimeControl "180+1"]
[EndTime "13:19:44 PST"]
[Termination "Game drawn by repetition"]

1. c4 e5 2. Nc3 Nf6 3. Nf3 Nc6 4. e4 Bb4 5. d3 Bxc3+ 6. bxc3 O-O 7. g3 d6 8. Bg2 Ne8 9. O-O f5 10. exf5 Bxf5 11.
Ne1 Nf6 12. Rb1 Rb8 13. Be3 a6 14. Qa4 Bd7 15. Qb3 Kh8 16. Nc2 Qe7 17. Nb4 Nxb4 18.
cxb4 b5 19. c5 d5 20. Bg5 c6 21. Rfe1 h6 22. Bc1 Rbe8 23. Bb2 e4 24. Qc3 Qf7 25. dxe4 Nxe4 26. Bxe4 Rxe4 27. Rxe4 dxe4 28. Qd4 Bg4 29. Re1 Bf3 30. Qd6 Kh7 31. a3 Qf5 32. Qe5 Qg6 33.
h3 Rf7 34. Kh2 Bh5 35. Bd4 Bf3 36. Re3 Qf5 37. Qe8 Qg6 38. Re1 Qh5 39. Qe5 Qxe5 40.
Bxe5 Rf5 41. Bc3 Rd5 42. g4 g5 43. Kg1 Rd3 44. Re3 Rd1+ 45. Re1 Rd3 46. Re3 Rd1+ 47. Re1 Rd3 1/2-1/2

[Event "*** Titled Tuesday Blitz"]
[Site "Chess.com"]
[Date "2020.03.03"]
[Round "2"]
[White "OparinGrigoriy"]
[Black "Misi_95"]
[Result "1-0"]
[WhiteElo "3025"]
[BlackElo "2649"]
[TimeControl "180+1"]
[EndTime "13:19:45 PST"]
[Termination "OparinGrigoriy won by resignation"]

1. Nf3 Nf6 2. g3 g6 3. Bg2 Bg7 4. c4 O-O 5. Nc3 d6 6. O-O e5 7. d4 Nc6 8. dxe5 dxe5 9. Bg5 Qxd1 10. Rfxd1 Be6 11. Nd5 Bxd5 12. cxd5 Nb4 13. Rac1 Nbxd5 14. Nxe5 c6 15. e4 Nxe4 16. Bxe4 Bxe5 17. Bxd5 cxd5 18.
Rxd5 Bxb2 19. Rb1 Bg7 20. Rxb7 Rfb8 21. Rxb8+ Rxb8 22. Rd7 a5 23. Bd2 Ra8 24. a4 Bf8 25. Rb7 Rd8 26. Bxa5 Rd1+ 27. Kg2 Ra1 28. Rb8 Rxa4 29. Bd2 Kg7 30. Bc3+ Kg8 31. Bd2 Kg7 32. Bc3+ Kg8 33. Bf6 Ra6 34. Be7 1-0

[Event "*** Titled Tuesday Blitz"]
[Site "Chess.com"]
[Date "2020.03.03"]
[Round "2"]
[White "Hubbery"]
[Black "SahajGrover"]
[Result "1-0"]
[WhiteElo "2547"]
[BlackElo "2713"]
[TimeControl "180+1"]
[EndTime "13:19:45 PST"]
[Termination "Hubbery won by resignation"]

1. d4 Nf6 2. c4 e6 3. Nc3 Bb4 4. e3 O-O 5. a3 Bxc3+ 6. bxc3 d5 7. cxd5 exd5 8. Bd3 c5 9. Ne2 Nc6 10. O-O Re8 11. Ng3 g6 12. f3 h5 13.
Re1 b6 14. Bb2 a5 15. Bb5 Qd6 16. e4 cxd4 17. cxd4 dxe4 18. Nxe4 Nxe4 19. fxe4 Rd8 20. Bxc6 Qxc6 21. d5 Qb5 22. Rb1 Ba6 23. Qd2 Kh7 24.
Qf4 Qc5+ 25. Kh1 Qe7 26. Bf6 Qd6 27. Be5 Qe7 28. Rxb6 Re8 29. Bd4 Bd3 30. Rf6 Rf8 31. Qf3 Bc4 32. Rc6 Bxd5 33. Rc5 Be6 34. Rxh5+ gxh5 35.
Qxh5+ 1-0

[Event "*** Titled Tuesday Blitz"]
[Site "Chess.com"]
[Date "2020.03.03"]
[Round "2"]
[White "MusicCityMaster"]
[Black "francyIM"]
[Result "0-1"]
[WhiteElo "2384"]
[BlackElo "2705"]
[TimeControl "180+1"]
[EndTime "13:19:45 PST"]
[Termination "francyIM won by resignation"]

1. d4 Nf6 2. Bf4 d5 3. Nc3 a6 4. e3 b5 5. Bd3 Bb7 6. Nf3 e6 7. Ne2 c5 8. c3 Bd6 9. O-O O-O 10. a3 Nc6 11. b4 c4 12. Bc2 Be7 13. Ng3 h6 14. e4 dxe4 15. Nxe4 Nxe4 16. Bxe4 Bd6 17. Qd2 Bxf4 18. Qxf4 Qb8 19. Qh4 Ne7 20. Rfe1 Bxe4 21. Rxe4 Ng6 22. Qg3 Qxg3 23. hxg3 a5 24. Rae1 axb4 25. axb4 Ra3 26. R1e3 Ne7 27. Ne5 f5 28.
Rh4 Nd5 29. Re1 Rxc3 30. Nd7 Re8 31. Nc5 Kf7 32. g4 f4 33. Ne4 Rd8 34. Nxc3 Nxc3 35. Rh3 Na2 36. Ra3 Nxb4 37. Rb1 Nc2 38. Ra7+ Kf6 39.
Rxb5 Nxd4 40. Rbb7 c3 41. Rf7+ Ke5 42. Rac7 c2 43. Kh2 g5 44. Rh7 Rb8 45. Rxh6 Rb1 46. Rg6 c1=Q 47. Rxc1 Rxc1 48. Rxg5+ Kf6 49. Rh5 Rc2 50. Kg1 Rc1+ 51. Kh2 Rf1 52. f3 Ne2 53. g5+ Kg6 54. Rh4 e5 55. Rg4 Ng3 56. Rxg3 fxg3+ 57. Kxg3 Kxg5 0-1

[Event "*** Titled Tuesday Blitz"]
[Site "Chess.com"]
[Date "2020.03.03"]
[Round "2"]
[White "JSPrepz"]
[Black "INLOVEWITHF"]
[Result "1/2-1/2"]
[WhiteElo "2742"]
[BlackElo "2428"]
[TimeControl "180+1"]
[EndTime "13:19:45 PST"]
[Termination "Game drawn by repetition"]

1. e4 e5 2. Nf3 Nc6 3. Bb5 a6 4. Ba4 d6 5. O-O Bg4 6. h3 h5 7. Bxc6+ bxc6 8. d4 Bxf3 9. Qxf3 exd4 10. c3 dxc3 11. Nxc3 Ne7 12. Rd1 Ng6 13. Bf4 Qf6 14. e5 dxe5 15. Qd3 Bd6 16. Be3 O-O 17. Qc4 Nf4 18.
Qxc6 Qg6 19. Bxf4 exf4 20. Ne4 f3 21. g3 h4 22. Nxd6 hxg3 23. Qxf3 gxf2+ 24. Kxf2 cxd6 25. Rg1 Qc2+ 26. Kg3 Qxb2 27. Raf1 Rac8 28. Qg4 Qe5+ 29. Kh4 f5 30. Qg5 Rc4+ 31. Kh5 Qe8+ 32. Qg6 Qe7 33. Qg5 Qxg5+ 34. Kxg5 f4 35. Rd1 f3 36. Rxd6 f2 37. Rf1 Re4 38. Rd2 Re3 39. Rdxf2 Rxf2 40. Rxf2 Rxh3 41. Rb2 Ra3 42. Kg6 Rg3+ 43. Kf5 Ra3 44. Kg6 Rg3+ 45. Kf5 Ra3 46. Kg6 1/2-1/2